 Dungeon Crawl Stone Soup version 0.16-a0-1982-g8124c91 (webtiles) character file.

165 timbw the Chopper (level 5, -3/27 HPs)
             Began as a Vine Stalker Berserker on Nov 8, 2014.
             Was a Follower of Trog.
             Slain by an ice beast (7 damage)
             ... on level 5 of the Dungeon.
             The game lasted 00:02:53 (553 turns).

timbw the Chopper (Vine Stalker Berserker)           Turns: 553, Time: 00:02:53

Health: -3/27      AC:  2    Str: 19    XL:     5   Next: 46%
Magic:  0/7        EV: 12    Int:  7    God:    Trog [*.....]
Gold:   66         SH:  0    Dex: 15    Spells: 0 memorised, 4 levels left

rFire  . . .     SeeInvis .     a - +0 hand axe
rCold  . . .     Clarity  .     b - +0 animal skin
rNeg   . . .     SustAb   .     (no shield)
rPois  .         Gourm    .     (no helmet)
rElec  .         Spirit   +     (no cloak)
rCorr  .         Warding  .     (no gloves)
rMut   .         Stasis   .     (no boots)
MR     .....                    (no amulet)
Stlth  +.........               (no ring)
                                (no ring)

@: lethally poisoned, exhausted, slowed, very slow, not resistant to hostile
enchantments, very unstealthy
A: fangs 2, regeneration 1, magic shield, antimagic bite, no device heal 3, rot
immunity
a: Burn Spellbooks, Berserk, Renounce Religion


You were on level 5 of the Dungeon.
You worshipped Trog.
Trog was aware of your devotion.
You were not hungry.

You visited 1 branch of the dungeon, and saw 6 of its levels.

You collected 66 gold pieces.

Inventory:

Hand weapons
 a - a +0 hand axe (weapon)
Armour
 b - a +0 animal skin (worn)
Magical devices
 k - a wand of slowing (11)
Scrolls
 e - a scroll of amnesia {unknown}
 g - 3 scrolls of identify {unknown}
 j - a scroll of random uselessness {unknown}
 m - 2 scrolls of immolation {unknown}
 n - a scroll of remove curse {unknown}
 o - a scroll of teleportation {unknown}
Potions
 d - a potion of invisibility {unknown}
 h - a potion of poison {unknown}
 l - a potion of experience {unknown}
Comestibles
 c - 2 bread rations


   Skills:
 - Level 2.6 Fighting
 + Level 5.4 Axes
 - Level 1.5 Armour
 - Level 1.5 Dodging


You had 4 spell levels left.
You didn't know any spells.

Dungeon Overview and Level Annotations

Branches:
Dungeon (6/15)
 Temple: D:4-7

Altars:
Cheibriados
Dithmenos
Yredelemnul

Shops:
D:5 [


Innate Abilities, Weirdness & Mutations

You have extremely sharp teeth.
Your natural rate of healing is unusually fast.
When hurt, damage is shared between your health and your magic reserves.
Your bite disrupts and absorbs the magic of your enemies.
Potions and wands cannot restore your health.
You are immune to rotting.


Message History

The ice beast misses you. The crimson imp closely misses you.
The worker ant bites you!
* * * LOW HITPOINT WARNING * * *
Unknown command.
Read which item? (? for menu, Esc to quit)
As you read the scroll labeled PLACOEWK MEALOESU, it crumbles to dust.
It is a scroll of recharging.
Charge which item? (? for menu, Esc to quit)
Really abort (and waste the scroll)? [Y]es or [N]o only, please.
Really abort (and waste the scroll)? [Y]es or [N]o only, please.
Really abort (and waste the scroll)?
Charge which item? (? for menu, Esc to quit)
Really abort (and waste the scroll)?
Okay, then.
The ice beast hits you.
* * * LOW HITPOINT WARNING * * *
The ice beast freezes you!
You die...

####.............#
.[...............#
#........).......... .
#........###........
...#..................
$..............[.....
......###...........
.......###...........
.......a@5.......####
###....a.Y.......##
#................
..................
.................
................
................
...###....#... ..
######..


You could see an ice beast, 2 worker ants and a crimson imp.

Vanquished Creatures
  An ogre (D:5)
  A worker ant (D:5)
  2 adders
  A worm (D:4)
  An adder zombie (D:5)
  An ooze (D:3)
  An orc (D:3)
  A giant cockroach (D:1)
  3 hobgoblins
  2 quokkas
  3 bats
  A giant newt (D:1)
  4 goblins
  3 kobolds
  2 rats
27 creatures vanquished.

Notes
Turn   | Place    | Note
--------------------------------------------------------------
     0 | D:1      | timbw, the Vine Stalker Berserker, began the quest for the Orb.
     0 | D:1      | Reached XP level 1. HP: 11/11 MP: 1/1
   112 | D:1      | Reached skill level 3 in Axes
   133 | D:2      | Reached XP level 2. HP: 16/16 MP: 3/3
   262 | D:2      | Found a snail-covered altar of Cheibriados.
   268 | D:2      | Reached XP level 3. HP: 7/19 MP: 1/4
   341 | D:4      | Found a shadowy altar of Dithmenos.
   342 | D:4      | Found a basalt altar of Yredelemnul.
   345 | D:4      | Reached skill level 4 in Axes
   415 | D:5      | Entered Level 5 of the Dungeon
   439 | D:5      | Acquired Trog's second power
   454 | D:6      | Noticed a giant frog
   454 | D:6      | Noticed a giant frog
   454 | D:6      | Noticed a centaur
   490 | D:5      | Found Niruck's Armour Emporium.
   492 | D:5      | Noticed an ogre
   529 | D:5      | Reached XP level 4. HP: 15/23 MP: 1/5
   531 | D:5      | Killed an ogre
   531 | D:5      | Reached skill level 5 in Axes
   531 | D:5      | Reached XP level 5. HP: 16/27 MP: 5/7
   547 | D:5      | Noticed an ice beast
   553 | D:5      | Slain by an ice beast

Action                   |  1- 3 |  4- 6 || total
-------------------------+-------+-------++-------
Melee: Hand axe          |    81 |     6 ||    87
Invok: Berserk           |     2 |       ||     2
       Trog's Hand       |     1 |     1 ||     2
  Use: Scroll            |       |     1 ||     1
  Eat: Meat ration       |       |     1 ||     1
